 Dungeon Crawl Stone Soup version 0.19.1-1-g22dce08 (webtiles) character file.

7759 esteth the Cleaver (level 11, 0/101 HPs)
             Began as a Minotaur Fighter on Jan 2, 2017.
             Was a Priest of Cheibriados.
             Slain by an 11-headed hydra (10 damage)
             ... on level 1 of the Lair of Beasts.
             The game lasted 00:26:44 (8656 turns).

esteth the Cleaver (Minotaur Fighter)               Turns: 8656, Time: 00:26:45

Health: 0/101      AC: 13    Str: 32    XL:     11   Next: 1%
Magic:  11/16      EV:  7    Int: 13    God:    Cheibriados [***...]
Gold:   144        SH: 10    Dex: 18    Spells: 0 memorised, 10 levels left

rFire  . . .     SeeInvis .     a - +5 war axe
rCold  . . .     Gourm    .     E - +0 plate armour
rNeg   . . .     Faith    .     y - +0 buckler
rPois  .         Spirit   .     (helmet restricted)
rElec  .         Reflect  +     e - +1 cloak
rCorr  .         Harm     .     (no gloves)
MR     +....                    (no boots)
Stlth  ..........               u - +5 amulet of reflection
                                Q - ring of wizardry
                                F - ring of protection from magic

@: very slow
A: retaliatory headbutt, horns 2
a: Bend Time, Temporal Distortion, Renounce Religion


You were on level 1 of the Lair of Beasts.
You worshipped Cheibriados.
Cheibriados was most pleased with you.
You were not hungry.

You visited 2 branches of the dungeon, and saw 9 of its levels.

You collected 494 gold pieces.
You spent 350 gold pieces at shops.

Inventory:

Hand Weapons
 a - a +5 war axe (weapon)
 B - a +2 long sword of protection
Armour
 b - a +0 scale mail
 c - a +0 shield
 e - a +1 cloak (worn)
 y - a +0 buckler (worn)
 E - a +0 plate armour (worn)
Jewellery
 g - a +4 amulet of reflection
 h - an uncursed ring of fire
 u - a +5 amulet of reflection (around neck)
 F - a ring of protection from magic (left hand)
 L - an uncursed amulet of harm
 Q - a ring of wizardry (right hand)
Wands
 m - a wand of disintegration (19/24)
 p - a wand of flame (21/48)
 t - a wand of slowing (23/48)
 G - a wand of lightning (10/15)
 J - a wand of flame (21/48)
 K - a wand of confusion (20/48)
Scrolls
 j - 9 scrolls of remove curse
 l - a scroll of immolation
 n - a scroll of teleportation
 v - a scroll of enchant armour
 w - 10 scrolls of identify
 N - a scroll of torment {unknown}
 O - a scroll of amnesia {unknown}
Potions
 d - a potion of might
 i - a potion of haste {unknown}
 o - a potion of cure mutation {unknown}
 r - a potion of degeneration {unknown}
 s - a potion of resistance {unknown}
 x - 2 potions of heal wounds {unknown}
 z - 3 potions of brilliance {unknown}
 A - 3 potions of flight {unknown}
 D - 3 potions of mutation {unknown}
 I - 2 potions of curing {unknown}
Books
 H - a book of Misfortune

   Spells                             Type                      Level
   a - Confusing Touch                Hexes                        1
   b - Confuse                        Hexes                        3
   c - Gell's Gravitas                Hexes/Translocation          3
   d - Petrify                        Transmutation/Earth          4
   e - Metabolic Englaciation         Hexes/Ice                    5
   f - Yara's Violent Unravelling     Hexes/Transmutation          5
Comestibles
 f - 7 bread rations
 k - 5 fruits
 q - 4 meat rations
 C - a beef jerky
 M - a slice of pizza


   Skills:
 + Level 10.9 Fighting
 - Level 13.9 Axes
 - Level 3.6 Armour
 - Level 3.6 Shields
 - Level 8.2 Invocations


You had 10 spell levels left.
You didn't know any spells.

Dungeon Overview and Level Annotations

Branches:
Dungeon (8/15)             Temple (0/1) D:5            Lair (1/6) D:8

Altars:
Cheibriados
Gozag

Shops:
D:8 =:::

Annotations:
D:5 Adolfin's ghost, novice DsGl


Innate Abilities, Weirdness & Mutations

You reflexively headbutt those who attack you in melee.
You have a pair of horns on your head.


Message History

The 11-headed hydra bites you but does no damage. x2
The 11-headed hydra bites you.
* * * LOW HITPOINT WARNING * * *
The 11-headed hydra bites you but does no damage. x2
You block the 11-headed hydra's attack.
The 11-headed hydra bites you but does no damage.
You block the 11-headed hydra's attack. The 11-headed hydra bites you.
* * * LOW HITPOINT WARNING * * *
You can feel time thicken for a moment.
You feel somewhat more hungry.
You can no longer inflict damage on those overly hasty.
Cheibriados lowers the support of your attributes as your movement quickens.
You block the 11-headed hydra's attack. x2
The 11-headed hydra completely misses you.
The 11-headed hydra bites you!
* * * LOW HITPOINT WARNING * * *
The 11-headed hydra bites you.
* * * LOW HITPOINT WARNING * * *
The 11-headed hydra bites you but does no damage.
You block the 11-headed hydra's attack. The 11-headed hydra bites you!
You die...

## ...
##. ....
###..
.... ###
#... .###
...##..
+# #...#
#D# #@###
#...#
##.##
#..####
#...#.#
##.....#
#...##.#
#...##.#
##..#####


You could see a 11-headed hydra.

Vanquished Creatures
  A hydra (Lair:1)
  The ghost of Adolfin the Fiendish, a novice TrMo of Makhleb (D:7)
  A cyclops (D:7)
  Psyche (D:8)
  A black mamba (Lair:1)
  2 spiny frogs (Lair:1)
  2 komodo dragons
  3 hippogriffs
  4 yaks (D:7)
  A steam dragon (D:6)
  A porcupine (Lair:1)
  A black bear (D:8)
  6 ogres
  2 phantoms
  A centaur (D:6)
  A big kobold (D:7)
  7 bullfrogs
  4 scorpions
  4 killer bees (D:7)
  5 howler monkeys
  5 crimson imps
  3 jellies
  A bullfrog zombie (D:5)
  3 hounds
  2 orc wizards
  3 bullfrog skeletons
  An orc priest (D:4)
  A centaur skeleton (D:5)
  Natasha (thrice) (D:2)
  2 iguanas (D:8)
  A worker ant (D:5)
  A howler monkey zombie (D:5)
  9 gnolls
  11 adders
  2 shadow imps
  3 oozes
  An adder zombie (D:8)
  2 worms
  4 dart slugs
  9 leopard geckos
  26 orcs
  5 bats
  9 giant cockroaches
  10 hobgoblins
  8 jackals
  3 quokkas
  4 ball pythons
  6 frilled lizards
  7 goblins
  A hobgoblin zombie (D:7)
  A jackal skeleton (D:6)
  A jackal zombie (D:5)
  17 kobolds
  2 leopard gecko skeletons
  A leopard gecko zombie (D:5)
  A quokka zombie (D:7)
  9 rats
227 creatures vanquished.

Vanquished Creatures (others)
  An orc (D:4)
  8 plants (D:8)
9 creatures vanquished.

Grand Total: 236 creatures vanquished

Notes
Turn   | Place    | Note
-------+----------+-------------------------------------------
     0 | D:1      | esteth the Minotaur Fighter began the quest for the Orb.
     0 | D:1      | Reached XP level 1. HP: 19/19 MP: 0/0
   284 | D:1      | Reached XP level 2. HP: 28/28 MP: 1/1
   716 | D:1      | Reached skill level 5 in Fighting
   732 | D:1      | Reached XP level 3. HP: 31/36 MP: 2/2
   847 | D:2      | Found an opulent altar of Gozag.
  1017 | D:2      | Noticed Natasha
  1024 | D:2      | Killed Natasha
  1024 | D:2      | Reached XP level 4. HP: 36/44 MP: 3/3
  1207 | D:2      | Noticed Natasha
  1223 | D:2      | Killed Natasha
  1452 | D:2      | Noticed Natasha
  1458 | D:2      | Killed Natasha
  1458 | D:2      | Reached XP level 5. HP: 50/52 MP: 4/4
  2101 | D:3      | Found a snail-covered altar of Cheibriados.
  2105 | D:3      | Became a worshipper of Cheibriados the Contemplative
  2285 | D:3      | Reached skill level 1 in Invocations
  2872 | D:4      | Reached * piety under Cheibriados
  3204 | D:4      | Reached XP level 6. HP: 60/60 MP: 6/6
  3767 | D:5      | Entered Level 5 of the Dungeon
  3831 | D:5      | Reached skill level 5 in Invocations
  3833 | D:5      | Reached XP level 7. HP: 66/66 MP: 9/9
  3943 | D:5      | Reached ** piety under Cheibriados
  4054 | D:5      | Found a staircase to the Ecumenical Temple.
  4060 | D:5      | Noticed Adolfin's ghost (novice DsGl)
  4530 | D:6      | Noticed a steam dragon
  4534 | D:6      | Killed a steam dragon
  4534 | D:6      | Reached XP level 8. HP: 66/73 MP: 12/12
  4913 | D:6      | Reached skill level 3 in Axes
  4941 | D:6      | Reached skill level 4 in Axes
  5045 | D:7      | Reached *** piety under Cheibriados
  5053 | D:7      | Reached skill level 5 in Axes
  5127 | D:7      | Reached skill level 6 in Axes
  5229 | D:7      | Noticed a hippogriff
  5237 | D:7      | Killed a hippogriff
  5237 | D:7      | Reached skill level 7 in Axes
  5239 | D:7      | Noticed Adolfin's ghost (novice TrMo)
  5246 | D:7      | Noticed a hippogriff
  5255 | D:6      | Killed a hippogriff
  5255 | D:6      | Reached skill level 8 in Axes
  5255 | D:6      | Reached XP level 9. HP: 33/79 MP: 14/14
  5441 | D:5      | Reached **** piety under Cheibriados
  5503 | D:5      | Reached skill level 9 in Axes
  5826 | D:7      | Noticed a cyclops
  5844 | D:7      | Killed a cyclops
  5844 | D:7      | Reached skill level 10 in Axes
  6129 | D:7      | Killed Adolfin's ghost
  6129 | D:7      | Reached skill level 11 in Axes
  6252 | D:7      | Reached skill level 12 in Axes
  6379 | D:7      | Reached XP level 10. HP: 49/86 MP: 15/15
  6739 | D:8      | Found Ephiocra's Jewellery Boutique.
  6742 | D:8      | Bought an uncursed ring of protection from magic for 350 gold pieces
  6770 | D:8      | Noticed Psyche
  6776 | D:8      | Killed Psyche
  6776 | D:8      | Reached skill level 13 in Axes
  7129 | D:8      | Found Koerghunk's Book Boutique.
  7416 | D:8      | Found Ujifet's Book Emporium.
  7456 | D:8      | Found a staircase to the Lair.
  7463 | D:8      | Found Himousse's Book Shop.
  7813 | Lair:1   | Entered Level 1 of the Lair of Beasts
  7837 | Lair:1   | Noticed a spiny frog
  7843 | Lair:1   | Killed a spiny frog
  7850 | Lair:1   | Noticed a black mamba
  7854 | Lair:1   | Killed a black mamba
  8186 | Lair:1   | Noticed a spiny frog
  8191 | Lair:1   | Killed a spiny frog
  8191 | Lair:1   | Reached skill level 10 in Fighting
  8342 | Lair:1   | Noticed a four-headed hydra
  8350 | Lair:1   | Killed an eight-headed hydra
  8615 | Lair:1   | Reached XP level 11. HP: 101/101 MP: 16/16
  8648 | Lair:1   | Noticed a five-headed hydra
  8656 | Lair:1   | Slain by an 11-headed hydra

Skill      XL: |  1  2  3  4  5  6  7  8  9 10 |
---------------+-------------------------------+-----
Fighting       | 4 5 6 7 10 | 10.9
Invocations    | 2 5 7 8 |  8.2
Axes           | 8 12 13 | 13.9
Armour         | |  3.6
Shields        | |  3.6

Action                   |  1- 3 |  4- 6 |  7- 9 | 10-12 || total
-------------------------+-------+-------+-------+-------++-------
Melee: War axe           |    79 |   120 |   176 |    79 ||   454
       Headbutt          |    10 |    18 |    48 |    27 ||   103
       Long sword        |       |    29 |       |       ||    29
Invok: Bend Time         |       |       |     3 |       ||     3
       Slouch            |       |       |     1 |     3 ||     4
  Use: Scroll            |     8 |     5 |     1 |     4 ||    18
  Eat: Chunk             |       |     8 |     5 |       ||    13
       Bread ration      |       |       |       |     1 ||     1
Armor: Scale mail        |    35 |    48 |    25 |       ||   108
       Plate armour      |       |       |    61 |    43 ||   104
Dodge: Dodged            |    26 |    28 |    54 |    32 ||   140
Block: Shield            |    65 |   117 |    46 |       ||   228
       Reflection        |       |     6 |     8 |     1 ||    15
       Buckler           |       |       |    97 |    59 ||   156
       Rpst.: Long sword |       |     3 |       |       ||     3
